 Dungeon Crawl Stone Soup version 0.14-a0-1773-ge500af7 (webtiles) character file.

93133 ReteAZ the Executioner (level 15, -1/142 (143) HPs)
             Began as a Minotaur Gladiator on Jan 6, 2014.
             Was the Champion of Okawaru.
             Slain by a five-headed hydra skeleton (8 damage)
             ... on Level 16 of the Dungeon on Jan 7, 2014.
             The game lasted 01:49:54 (18600 turns).

ReteAZ the Executioner (Minotaur Gladiator)        Turns: 18600, Time: 01:49:54

HP  -1/142 (143) AC 31     Str 25      XL: 15   Next: 55%
MP  20/21        EV  9     Int  6      God: Okawaru [******]
Gold 1593        SH  0     Dex 11      Spells:  0 memorised, 14 levels left

rFire  + . .     SeeInvis .     R - +6,+3 dwarf battleaxe (vamp)
rCold  . . .     Clarity  .     v - +2 dwarf plate armour
rNeg   + . .     Conserve .     (no shield)
rPois  .         rCorr    .     c - +0 cap
rElec  .         rRot     .     d - +2 cloak
SustAb . .       Spirit   .     x - +2 pair of gloves {rF+}
rMut   .         Warding  +     u - +2 pair of boots {Fly}
Saprov . . .     Stasis   .     m - amulet of warding
                                A - +2 ring of evasion
                                C - +0,+7 ring of slaying

@: flying, heroism, drained, slightly resistant to hostile enchantments,
extremely unstealthy
A: retaliatory headbutt, horns 2, rugged brown scales 1, wild magic 1
a: Heroism, Finesse, Renounce Religion, Stop Flying


You were on level 16 of the Dungeon.
You worshipped Okawaru.
Okawaru was exalted by your worship.
You were very hungry.

You visited 3 branches of the dungeon, and saw 25 of its levels.
You also visited: Labyrinth and Volcano.

You collected 1593 gold pieces.

Inventory:

Hand weapons
 e - a +0,+0 battleaxe of freezing
 z - a +5,+0 executioner's axe of pain
 F - a +4,+3 battleaxe of flaming
 M - a +5,+3 dwarven vampiric battleaxe
 R - a +6,+3 dwarven vampiric battleaxe (weapon)
Missiles
 y - 4 tomahawks of returning
 T - 2 throwing nets
 U - 4 tomahawks
 V - a silver tomahawk (quivered)
Armour
 c - a +0 cap (worn)
 d - a +2 cloak (worn)
 s - a +1 pair of gloves of fire resistance
 u - a +2 pair of boots of flying (worn)
 v - a +2 dwarven plate armour (worn)
 w - a +0 pair of boots of stealth
 x - a +2 pair of gloves of fire resistance (worn)
Magical devices
 t - a wand of draining (7)
 I - a wand of magic darts (6) {unknown}
 K - a wand of paralysis (19)
 N - a wand of flame (13)
Comestibles
 l - a royal jelly
 o - 2 meat rations
 r - 3 bread rations
 E - 6 beef jerkies
 J - 8 pears
 O - a sausage
 S - 5 chunks of cyclops flesh
Scrolls
 i - a scroll of amnesia
 p - 4 scrolls of remove curse
 L - a scroll of fog
 Q - a scroll of identify
Jewellery
 m - an amulet of warding (around neck)
 A - a +2 ring of evasion (right hand)
 C - a +0,+7 ring of slaying (left hand)
 D - an uncursed ring of flight
 H - an uncursed ring of poison resistance
Potions
 b - 11 potions of curing
 h - a potion of heal wounds
 k - a potion of might
 n - a potion of speed
 B - a potion of invisibility
 G - 2 potions of restore abilities
 W - a potion of agility
 X - a potion of mutation {unknown}
Books
 a - a book of Air

   Spells                             Type                      Level
   Shock                              Conjuration/Air              1
   Swiftness                          Charms/Air                   2
   Repel Missiles                     Charms/Air                   2
   Flight                             Charms/Air                   3
   Static Discharge                   Conjuration/Air              3
   Lightning Bolt                     Conjuration/Air              5
 f - the Catalogue of Quantum Boosts
   (You found it in a labyrinth)

   Spells                             Type                      Level
   Lethal Infusion                    Charms/Necromancy            2
   Fire Brand                         Charms/Fire                  2
   Shroud of Golubria                 Charms/Translocation         2
   Sure Blade                         Hexes/Charms                 2
   Control Teleport                   Charms/Translocation         4
   Iskenderun's Battlesphere          Conjuration/Charms           4
   Warp Weapon                        Charms/Translocation         5
   Ring of Flames                     Charms/Fire                  7
 j - a Necronomicon {highlevel}

   This book is beyond your current level of understanding.

   Spells                             Type                      Level
   Haunt                              Necromancy/Summoning         7
   Borgnjor's Revivification          Necromancy                   8
   Death's Door                       Charms/Necromancy            8
   Necromutation                      Transmutation/Necromancy     8
 q - a book of Callings

   Spells                             Type                      Level
   Summon Small Mammal                Summoning                    1
   Call Imp                           Summoning                    2
   Call Canine Familiar               Summoning                    3
   Summon Scorpions                   Summoning/Poison             4
   Summon Ice Beast                   Ice/Summoning                4
 P - a book of Flames

   Spells                             Type                      Level
   Flame Tongue                       Conjuration/Fire             1
   Throw Flame                        Conjuration/Fire             2
   Conjure Flame                      Conjuration/Fire             3
   Inner Flame                        Hexes/Fire                   3
   Sticky Flame                       Conjuration/Fire             4
   Fireball                           Conjuration/Fire             5


   Skills:
 + Level 14.5(17.9) Fighting
 - Level 23.8(25.1) Axes
 - Level 2.0(5.8) Throwing
 - Level 11.0(14.5) Armour
 - Level 3.2(6.9) Dodging
 - Level 7.0(5.8) Invocations


You had 14 spell levels left.
You didn't know any spells.

Dungeon Overview and Level Annotations

Branches:
Dungeon (16/16)            Temple (1/1) D:7             Orc (0/4) D:12
   Lair (8/8) D:11         Shoals (0/5) Lair:6       Spider (0/5) Lair:5
  Slime (0/6) Lair:8       Vaults (0/5) D:14         Depths (0/6) D:16

Altars:
Ashenzari
Cheibriados
Elyvilon
Fedhas
Kikubaaqudgha
Makhleb
Nemelex Xobeh
Okawaru
Sif Muna
Trog
Vehumet
Xom
Yredelemnul
Zin
the Shining One
Beogh

Shops:
D:12 !   D:15 }   D:16 :

Annotations:
D:14 exclusion: orange crystal statue


Innate Abilities, Weirdness & Mutations

You reflexively headbutt those who attack you in melee.
You have a pair of horns on your head.
You are partially covered in rugged brown scales (AC +1, +3% HP).
Your spells are a little harder to cast, but a little more powerful.


Message History

The six-headed hydra skeleton tries to attack you, but flinches away.
The phantasmal warrior tries to attack you, but flinches away.
The wraith tries to attack you, but flinches away.
You lop one of the six-headed hydra skeleton's heads off!
You slice the five-headed hydra skeleton!!
You barely miss it.
Your plate armour prevents you from hitting the vampire mage.
You headbutt the vampire mage, but do no damage.
The vampire mage is severely damaged.
You hit the phantasmal warrior.
The phantasmal warrior is heavily damaged.
You barely miss the wraith.
The wraith is heavily damaged.
You slice one of the six-headed hydra skeleton's heads off!
You slash the five-headed hydra skeleton!
The vampire mage is infused with unholy energy.
* * * LOW HITPOINT WARNING * * *
The vampire mage draws life force from you and is healed!
The five-headed hydra skeleton bites you!
You die...

#..# #..# ###
####..##############.#
.....................#
####......##########.#
...............# #.#
######..WZW......#####.###
..........@W......+........
#####..Z.V......#####.#..
########.#'###.....# #.#..
...........# #.....# ..#..
.........#####.....# ......
.............'.....+
+......
####.......Z.#.....#
#.....#
##......Z.#####.###.....#
#........# ###..# ....#


You could see a vampire mage, 2 phantasmal warriors, a wraith and 2 five-headed
hydra skeletons.

Vanquished Creatures
  Azrael (D:15)
  A minotaur (Lab)
  8 vault guards (D:14)
  An ogre mage (Volcano)
  Harold (D:15)
  5 hydras
  11 death yaks
  A plague shambler (D:16)
  A catoblepas (Lair:7)
  2 centaur warriors (D:14)
  A skeletal warrior (D:16)
  6 hill giants
  A lindwurm (Lair:7)
  2 unseen horrors (D:15)
  A necromancer (D:16)
  An orc knight (D:11)
  5 cyclopes
  A griffon (Lair:4)
  4 black mambas
  An eye of devastation (D:15)
  17 elephants
  Psyche (D:9)
  An efreet (D:16)
  19 spiny frogs
  13 fire drakes
  5 komodo dragons
  A troll (D:10)
  A harpy zombie (D:15)
  5 two-headed ogres
  A polar bear (Lair:8)
  11 slime creatures
  10 blink frogs
  A boulder beetle (Lair:5)
  A grizzly bear (Lair:2)
  A baby alligator (shapeshifter) (D:16)
  A shadow (D:12)
  A snapping turtle (Lair:6)
  16 ugly things
  5 basilisks
  76 yaks
  3 sharks
  2 trapdoor spiders
  2 vampires (D:14)
  6 wyverns
  2 fire elementals (D:15)
  Grum (D:8)
  5 hungry ghosts
  2 wraiths
  10 vampire mosquitoes
  16 hippogriffs
  Edmund (D:9)
  A swamp drake (Lair:8)
  8 wolves
  11 manticores
  4 sky beasts
  2 mottled dragons
  3 hell hounds (D:15)
  An ice beast (D:11)
  3 phantoms
  8 porcupines
  8 orc warriors
  A yellow wasp (D:14)
  8 ogres
  A black bear (D:12)
  6 giant goldfish
  7 centaurs
  13 crocodiles
  Sigmund (D:4)
  2 yaktaur zombies
  A brain worm (D:11)
  6 giant slugs
  9 water moccasins
  2 gnoll sergeants
  11 agate snails
  A cyclops zombie (D:12)
  40 giant frogs
  A manticore zombie (D:10)
  A cyclops skeleton (D:12)
  A wyvern skeleton (D:12)
  2 eyes of draining
  12 killer bees
  3 electric eels
  6 jellyfish (Lair:8)
  3 wights (D:16)
  A yak skeleton (D:12)
  4 goliath beetles
  A boring beetle zombie (D:16)
  A centaur zombie (D:11)
  13 crimson imps
  3 jellies
  A giant frog skeleton (D:5)
  4 hounds
  4 orc priests
  3 scorpions
  10 iguanas
  15 orc wizards
  A black bear skeleton (D:9)
  A centaur skeleton (D:7)
  14 worker ants
  2 big fish
  5 orange rats (Lair:5)
  A big kobold zombie (D:13)
  2 boggarts (D:16)
  An ogre zombie (D:5)
  A mottled dragon skeleton (D:16)
  2 mummies
  22 gnolls
  23 adders
  42 green rats
  8 giant centipedes
  12 worms
  5 giant mites
  An iguana zombie (D:5)
  An adder skeleton (D:6)
  2 giant eyeballs
  9 giant geckos
  65 orcs
  15 bats
  16 hobgoblins
  7 jackals
  8 kobolds
  15 quokkas
  5 giant cockroaches
  3 giant newts
  A giant spore (D:12)
  11 goblins
  A hobgoblin zombie (D:5)
  An orc zombie (D:7)
  25 rats
  3 ballistomycetes
  A bush (Lair:8)
  12 fungi
  7 plants
890 creatures vanquished.

Vanquished Creatures (others)
  A two-headed ogre (Volcano)
  An orc (D:3)
  A giant spore (D:15)
  A bush (Lair:5)
  3 fungi
  9 plants (Lair:5)
  4 toadstools (D:1)
20 creatures vanquished.

Grand Total: 910 creatures vanquished

Notes
Turn   | Place    | Note
--------------------------------------------------------------
     0 | D:1      | ReteAZ, the Minotaur Gladiator, began the quest for the Orb.
     0 | D:1      | Reached XP level 1. HP: 18/18 MP: 1/1
    64 | D:1      | Reached skill level 4 in Axes
    88 | D:1      | Reached XP level 2. HP: 18/25 MP: 1/1
   520 | D:2      | Reached skill level 5 in Axes
   594 | D:2      | Reached XP level 3. HP: 30/30 MP: 2/2
   828 | D:2      | Reached XP level 4. HP: 35/37 MP: 2/2
   957 | D:2      | Reached skill level 6 in Axes
  1317 | D:3      | Noticed an ogre
  1328 | D:3      | Killed an ogre
  1328 | D:3      | Reached skill level 7 in Axes
  1328 | D:3      | Reached XP level 5. HP: 42/42 MP: 2/2
  1710 | D:3      | Reached skill level 8 in Axes
  1784 | D:3      | Reached XP level 6. HP: 22/50 MP: 3/3
  2253 | D:3      | Found a shimmering altar of Xom.
  2334 | D:4      | Noticed Sigmund
  2344 | D:4      | Killed Sigmund
  2344 | D:4      | Reached skill level 9 in Axes
  2397 | D:4      | Reached XP level 7. HP: 36/56 MP: 3/3
  2891 | D:4      | Paralysed by a giant eyeball for 4 turns
  2898 | D:4      | Paralysed by a giant eyeball for 4 turns
  3028 | D:5      | Entered Level 5 of the Dungeon
  3035 | D:5      | Reached skill level 10 in Axes
  3253 | D:5      | Reached skill level 11 in Axes
  3406 | D:5      | Reached XP level 8. HP: 36/62 MP: 3/3
  3690 | D:6      | Paralysed by a giant eyeball for 2 turns
  3759 | D:6      | Reached skill level 12 in Axes
  4135 | D:6      | Reached skill level 13 in Axes
  4397 | D:7      | Found a staircase to the Ecumenical Temple.
  4405 | Temple   | Entered the Ecumenical Temple
  4450 | Temple   | Became a worshipper of Warmaster Okawaru
  4566 | D:7      | Reached XP level 9. HP: 57/70 MP: 4/4
  4969 | D:8      | Noticed Grum
  4981 | D:8      | Reached skill level 14 in Axes
  5127 | D:8      | Reached skill level 5 in Fighting
  5797 | D:8      | Killed Grum
  5859 | D:9      | Noticed Edmund
  5869 | D:9      | Killed Edmund
  5869 | D:9      | Acquired Okawaru's first power
  5892 | D:9      | Found a glowing silver altar of Zin.
  6080 | D:9      | Noticed Psyche
  6089 | D:9      | Killed Psyche
  6400 | D:10     | Entered Level 10 of the Dungeon
  6536 | D:10     | Reached skill level 15 in Axes
  6536 | D:10     | Reached XP level 10. HP: 86/88 MP: 4/4
  6569 | D:10     | Got a smoking ring mail
  6587 | D:10     | Identified the cursed -3 ring mail of the Failed Coup {Dex-3 Int+2} (You found it on level 10 of the Dungeon)
  7042 | D:10     | Reached skill level 1 in Invocations
  7086 | D:10     | Reached skill level 10 in Fighting
  7256 | D:11     | Noticed a six-headed hydra
  7566 | D:11     | Reached skill level 5 in Invocations
  7651 | D:11     | Noticed an orc knight
  7913 | D:11     | Reached skill level 1 in Armour
  7947 | D:11     | Reached XP level 11. HP: 94/99 MP: 17/17
  8390 | D:11     | Found a staircase to the Lair.
  8461 | D:11     | Reached skill level 5 in Armour
  8477 | D:11     | Noticed a cyclops
  8493 | D:11     | Killed a cyclops
  8749 | D:11     | Killed an orc knight
  8760 | D:11     | Found a roughly hewn altar of Beogh.
  8904 | D:11     | Noticed a hill giant
  8913 | D:11     | Killed a hill giant
  9081 | Lair:1   | Entered Level 1 of the Lair of Beasts
  9196 | Lair:1   | Got a distressingly furry ring mail
  9197 | Lair:1   | Identified the +1 ring mail of the Abyss {rElec rF+ Curse} (You found it on level 1 of the Lair of Beasts)
  9440 | Lair:1   | Acquired Okawaru's second power
  9558 | Lair:1   | Found a dark tunnel.
  9567 | Volcano  | Entered a volcano
  9815 | Volcano  | Noticed a hill giant
  9825 | Volcano  | Killed a hill giant
  9825 | Volcano  | Reached skill level 10 in Armour
  9888 | Volcano  | Noticed an ogre mage
  9922 | Volcano  | Killed an ogre mage
  9922 | Volcano  | Received a gift from Okawaru
 10345 | Lair:2   | Reached XP level 12. HP: 104/106 MP: 19/19
 10404 | Lair:2   | Reached skill level 16 in Axes
 10412 | Lair:2   | Received a gift from Okawaru
 11162 | Lair:3   | Reached skill level 17 in Axes
 11224 | Lair:4   | Noticed a six-headed hydra
 11255 | Lair:3   | Killed a four-headed hydra
 11728 | Lair:4   | Reached skill level 18 in Axes
 11939 | Lair:4   | Noticed an eight-headed hydra
 11953 | Lair:4   | Killed a five-headed hydra
 12003 | Lair:4   | Received a gift from Okawaru
 12039 | Lair:4   | Got a faintly glowing broad axe {god gift}
 12040 | Lair:4   | Identified the +1,-3 broad axe of the Heavens {venom, rC+} (Okawaru gifted it to you on level 4 of the Lair of Beasts)
 12256 | Lair:4   | Reached XP level 13. HP: 101/113 MP: 20/20
 12348 | Lair:5   | Found a hole to the Spider Nest.
 12360 | Lair:5   | Reached skill level 19 in Axes
 12627 | Lair:5   | Received a gift from Okawaru
 12650 | Lair:5   | Got a fine broad axe {god gift}
 12651 | Lair:5   | Identified the -1,-1 broad axe of the Hidden Vale {speed, +Rage rPois SInv} (Okawaru gifted it to you on level 5 of the Lair of Beasts)
 12773 | Lair:5   | Reached skill level 20 in Axes
 13075 | Lair:6   | Received a gift from Okawaru
 13141 | Lair:6   | Found a staircase to the Shoals.
 13385 | Lair:1   | Gained mutation: Your spells are a little harder to cast, but a little more powerful. [potion of beneficial mutation]
 13631 | Lair:7   | Reached skill level 21 in Axes
 13735 | Lair:7   | Found a labyrinth entrance.
 13757 | Lair:7   | Gained mutation: You are partially covered in rugged brown scales (AC +1, +3% HP). [potion of beneficial mutation]
 13763 | Lab      | Entered a labyrinth
 14147 | Lab      | Identified the Catalogue of Quantum Boosts
 14501 | Lair:8   | Entered Level 8 of the Lair of Beasts
 14522 | Lair:8   | Received a gift from Okawaru
 14528 | Lair:8   | Reached XP level 14. HP: 124/124 MP: 20/20
 14606 | Lair:8   | Reached skill level 22 in Axes
 14952 | Lair:8   | Received a gift from Okawaru
 15143 | Lair:8   | Reached skill level 23 in Axes
 15291 | Lair:8   | Found a staircase to the Slime Pits.
 15733 | D:12     | Found a staircase to the Orcish Mines.
 16077 | D:12     | Found Gilaumm's Distillery.
 17260 | D:14     | Found a gate to the Vaults.
 17298 | D:14     | Reached XP level 15. HP: 131/131 MP: 21/21
 17305 | D:14     | Received a gift from Okawaru
 17903 | D:15     | Entered Level 15 of the Dungeon
 17944 | D:15     | Noticed Azrael
 17952 | D:15     | Killed Azrael
 17966 | D:15     | Noticed Harold
 17975 | D:15     | Killed Harold
 18021 | D:15     | Received a gift from Okawaru
 18264 | D:15     | Found Woxaulal's Gadget Boutique.
 18381 | D:16     | Entered Level 16 of the Dungeon
 18460 | D:16     | Found Sinig's Book Emporium.
 18550 | D:16     | Found a staircase to the Depths.
 18597 | D:16     | HP: 7/142 [seven-headed hydra skeleton (8)]
 18600 | D:16     | Slain by a five-headed hydra skeleton

Action                   |  1- 3 |  4- 6 |  7- 9 | 10-12 | 13-15 || total
-------------------------+-------+-------+-------+-------+-------++-------
Melee: Hand axe          |    77 |   106 |   293 |   366 |       ||   842
       Battleaxe         |       |       |       |   264 |   982 ||  1246
Throw: Throwing net      |     1 |     1 |     4 |       |       ||     6
       Tomahawk          |       |     4 |    34 |    26 |     2 ||    66
Invok: Heroism           |       |       |       |     7 |     9 ||    16
       Finesse           |       |       |       |       |     1 ||     1
Evoke: Wand              |       |       |     2 |     4 |     8 ||    14
  Use: Scroll            |       |     1 |     1 |    29 |    19 ||    50
       Potion            |       |       |     3 |       |     6 ||     9
 Stab: Held in net/web   |       |       |     2 |       |       ||     2
       Petrified         |       |       |       |       |     2 ||     2
